 Dungeon Crawl Stone Soup version 0.28.0-53-g5a82cb258f (webtiles) character file.

Game seed: 14927075050418453395

1486 Infinimo the Basher (level 8, -5/52 HPs)
             Began as a Gargoyle Berserker on June 14, 2022.
             Was a Believer of Trog.
             Slain by Peloso's ghost (7 damage)
             ... on level 5 of the Dungeon.
             The game lasted 00:06:26 (8841 turns).

Infinimo the Basher (Gargoyle Berserker)            Turns: 8841, Time: 00:06:26

Health: -5/52      AC: 13    Str: 22    XL:     8   Next: 80%
Magic:  8/8        EV: 11    Int:  9    God:    Trog [**....]
Gold:   164        SH:  0    Dex:  7    Spells: 7/7 levels left

rFire   . . .      SeeInvis .   a - +0 mace
rCold   . . .      Faith    .   (no shield)
rNeg    + . .      Spirit   .   b - +0 animal skin
rPois   ∞          Reflect  .   (no helmet)
rElec   +          Harm     .   u - +1 cloak
rCorr   .          Rampage  .   (no gloves)
Will    .....      Rage     1%  t - +2 pair of boots
Stlth   +.........              (no amulet)
HPRegen 0.17/turn               (no ring)
MPRegen 0.11/turn               (no ring)

@: mighty, on berserk cooldown, slowed, very slow
A: sickness immunity, AC +5, negative energy resistance 1, electricity
resistance, torment resistance 1, petrification resistance, berserk 1, clumsy 1
a: Renounce Religion, Berserk, Trog's Hand


You were on level 5 of the Dungeon.
You worshipped Trog.
Trog was pleased with you.
You visited 1 branch of the dungeon, and saw 6 of its levels.

You collected 261 gold pieces.
You spent 97 gold pieces at shops.

Inventory:

Hand Weapons
 a - a +0 mace (weapon)
Missiles
 c - a throwing net
 e - 6 curare-tipped darts (quivered)
Armour
 b - a +0 animal skin (worn)
 t - a +2 pair of boots (worn)
 u - a +1 cloak (worn)
Jewellery
 i - an amulet of reflection
Wands
 m - a wand of acid (4)
Scrolls
 k - 4 scrolls of magic mapping
 p - 3 scrolls of identify
 r - a scroll of acquirement {unknown}
 s - 2 scrolls of amnesia {unknown}
Potions
 f - 2 potions of brilliance
 j - a potion of ambrosia {unknown}
 l - a potion of lignification {unknown}
 n - a potion of heal wounds {unknown}
 q - a potion of curing {unknown}


   Skills:
 + Level 6.7 Fighting
 * Level 8.1 Maces & Flails
 + Level 6.1 Armour
 - Level 1.5 Dodging


You had 7 spell levels left.
You didn't know any spells.
Your spell library was empty.

Dungeon Overview and Level Annotations

Branches:
Dungeon (6/15)             Temple (0/1) D:6

Altars:
Ashenzari

Shops:
D:3 ?

Annotations:
D:5 3 runed translucent doors, PanSaczeczos's ghost, novice PaAK; Peloso's ghost, novice MiFi; YASD's ghost, novice TrMo
D:6 1 runed translucent door


Innate Abilities, Weirdness & Mutations

You are immune to sickness and miasma.
Your stone body is resilient. (AC +5)
You are immune to poison.
You resist negative energy. (rN+)
You are resistant to electric shocks. (rElec)
You are resistant to unholy torment.
You are immune to petrification.
You tend to lose your temper in combat.
You are clumsy. (Dex -2)


Message History

Peloso's ghost hits you!
You are too injured to fight recklessly!
You are too injured to fight recklessly!
You are too injured to fight recklessly!
You are too injured to fight recklessly!
You are too injured to fight recklessly!
You are too injured to fight recklessly!
You are too injured to fight recklessly!
You are too injured to fight recklessly!
You are too injured to fight recklessly!
You are too injured to fight recklessly!
You are too injured to fight recklessly!
You are too injured to fight recklessly!
Peloso's ghost hits you.
It was a potion of magic.
Magic courses through your body.
Peloso's ghost hits you but does no damage.
It was a potion of might.
You feel very mighty all of a sudden. Peloso's ghost closely misses you.
Peloso's ghost completely misses you.
You closely miss Peloso's ghost.
Peloso's ghost is severely damaged.
Peloso's ghost hits you but does no damage.
You closely miss Peloso's ghost.
Peloso's ghost is severely damaged.
Peloso's ghost barely misses you.
Peloso's ghost wails, "I have seen your future, and it is all used up."
Peloso's ghost hits you but does no damage.
You closely miss Peloso's ghost.
Peloso's ghost is severely damaged.
Peloso's ghost hits you!
* * * LOW HITPOINT WARNING * * *
You sock Peloso's ghost!
Peloso's ghost is almost destroyed.
Peloso's ghost hits you!
* * * LOW HITPOINT WARNING * * *
Peloso's ghost closely misses you.
You hit Peloso's ghost.
Peloso's ghost is almost destroyed.
Peloso's ghost hits you!
You die...

#............##.# #.##.##
###...##.....##.# #.##.##
####...##.....##.###.##.#.
#......####.####........#.
#.##..#####...............
#.##........####.###.####.
#.###.#####.####.###.## #.
#.# #.# #.W...........# #.
##.###.# #@######.####.#
#. ##...##.###.# #.# #.#
## #.#.........######.#
#.####
##.#.##............#
#..... ##.################
###### ###


You could see Peloso's ghost.

Vanquished Creatures
  Grinder (D:3)
  A water moccasin (D:6)
  An orc warrior (D:6)
  A necrophage (D:4)
  An ice beast (D:5)
  An ogre (D:4)
  A centaur (D:6)
  2 bullfrogs (D:6)
  A scorpion (D:6)
  A water moccasin skeleton (D:6)
  A howler monkey (D:5)
  2 hounds
  A jelly (D:5)
  2 bullfrog skeletons
  Natasha (thrice) (D:4)
  3 orc wizards (D:6)
  A hound zombie (D:5)
  4 adders
  4 gnolls (D:4)
  A river rat (D:6)
  A white imp (D:6)
  3 worms
  10 orcs
  6 bats
  5 endoplasms (D:1)
  4 giant cockroaches
  6 goblins
  6 hobgoblins
  3 jackals (D:1)
  3 quokkas
  7 ball pythons
  3 frilled lizards
  9 kobolds
  4 rats
103 creatures vanquished.

Notes
Turn   | Place    | Note
-------+----------+-------------------------------------------
     0 | D:1      | Infinimo the Gargoyle Berserker began the quest for the
                  | Orb.
     0 | D:1      | Reached XP level 1. HP: 14/14 MP: 1/1
    60 | D:1      | HP: 1/21 [kobold/+0 short sword (4)]
   498 | D:1      | Reached XP level 2. HP: 18/19 MP: 2/2
  1048 | D:1      | Reached XP level 3. HP: 22/23 MP: 3/3
  1156 | D:1      | Found a faded altar of an unknown god.
  1203 | D:1      | Reached ** piety under Trog
  1870 | D:2      | Reached skill level 4 in Maces & Flails
  1873 | D:2      | Reached XP level 4. HP: 29/29 MP: 4/4
  2979 | D:3      | Found Canis's Magic Scroll Shop.
  3029 | D:3      | Noticed Grinder
  3034 | D:3      | Paralysed by Grinder for 5 turns
  3045 | D:3      | Killed Grinder
  3046 | D:3      | Reached skill level 5 in Maces & Flails
  3046 | D:3      | Reached XP level 5. HP: 28/34 MP: 5/5
  3046 | D:3      | Reached XP level 6. HP: 32/39 MP: 6/6
  3408 | D:3      | Bought a scroll of blinking for 97 gold pieces
  3444 | D:4      | Noticed Natasha
  3627 | D:4      | Killed Natasha
  3684 | D:4      | Noticed Natasha
  3693 | D:4      | Killed Natasha
  3788 | D:4      | Found a broken altar of Ashenzari.
  3795 | D:4      | Noticed a necrophage
  4064 | D:4      | Noticed Natasha
  4075 | D:4      | Killed Natasha
  4076 | D:4      | Reached skill level 5 in Fighting
  4540 | D:4      | Killed a necrophage
  4541 | D:4      | Reached skill level 6 in Maces & Flails
  4541 | D:4      | Reached XP level 7. HP: 44/44 MP: 7/7
  5346 | D:5      | Entered Level 5 of the Dungeon
  5914 | D:5      | Found a runed translucent gate.
  5915 | D:5      | Found a runed translucent gate.
  5916 | D:5      | Found a runed translucent gate.
  5917 | D:5      | Noticed Peloso's ghost (novice MiFi)
  5918 | D:5      | Noticed YASD's ghost (novice TrMo)
  5918 | D:5      | Noticed PanSaczeczos's ghost (novice PaAK)
  6070 | D:5      | Reached skill level 5 in Armour
  6342 | D:6      | Reached XP level 8. HP: 45/51 MP: 8/8
  6430 | D:6      | Reached skill level 7 in Maces & Flails
  7317 | D:6      | Found a runed translucent door.
  7318 | D:6      | Noticed Peloso's ghost (novice MiFi)
  7342 | D:6      | Found a staircase to the Ecumenical Temple.
  8277 | D:6      | Found a runed translucent door.
  8432 | D:6      | Reached skill level 8 in Maces & Flails
  8449 | D:6      | Gained mutation: You are clumsy. (Dex -2) [potion of
                  | mutation]
  8449 | D:6      | Gained mutation: You tend to lose your temper in combat.
                  | [potion of mutation]
  8840 | D:5      | HP: 2/52 [Peloso's ghost (13)]
  8841 | D:5      | Slain by Peloso's ghost

Illustrated notes

Levels and vault maps discovered:
D:1:      minmay_arrival_wavy_path, layout_basic,
          dreamdust_ecumenical_altar_angels_and_demons, minmay_tetromino_o4
D:2:      layout_rooms, fountainhead
D:3:      layout_basic, serial_shops, shop, minmay_misc_feat_ornament,
          minmay_statues_item, serial_bayou_pond_e, minmay_crystal_water,
          uniq_grinder
D:4:      layout_basic, ashenzari_altar_1, uniq_natasha
D:5:      layout_loops_ring, gammafunk_ghost_cemetery, minmay_misc_feat_roman
D:6:      layout_layer_cave, minmay_temple_entry_grid, ebering_ghost_sewer_f

Skill      XL: |  1  2  3  4  5  6  7  8 |
---------------+-------------------------+-----
Maces & Flails | 4 5 6 8 |  8.1
Armour         | 3 4 5 6 |  6.1
Fighting       | 4 5 6 |  6.7
Dodging        | |  1.5

Action                   |  1- 3 |  4- 6 |  7- 9 || total
-------------------------+-------+-------+-------++-------
Melee: Mace              |    95 |   118 |   217 ||   430
       Punch             |       |     3 |     5 ||     8
Throw: Dart              |       |       |     2 ||     2
Invok: Berserk           |     1 |     4 |     6 ||    11
  Use: Scroll            |       |     7 |     2 ||     9
       Potion            |       |       |     3 ||     3
 Stab: Sleeping          |       |     1 |     2 ||     3
Armor: Animal skin       |    36 |    46 |   109 ||   191
Dodge: Dodged            |    64 |    54 |   139 ||   257
